 Dungeon Crawl Stone Soup version 0.26-a0-950-g52035dc9a5 (webtiles) character file.

Game seed: 6255702725305361077

991 PentaManta the Grappler (level 8, -3/63 HPs)
             Began as a Ghoul Monk on Nov 29, 2020.
             Was a Believer of Makhleb.
             Slain by a centaur
             ... wielding a cursed -3 shortbow
              (8 damage)
             ... on level 6 of the Dungeon.
             The game lasted 00:11:37 (5612 turns).

PentaManta the Grappler (Ghoul Monk)                Turns: 5612, Time: 00:11:37

Health: -3/63      AC:  5    Str: 17    XL:     8   Next: 18%
Magic:  7/7        EV: 13    Int: 11    God:    Makhleb [**....]
Gold:   204        SH:  0    Dex: 11    Spells: 7/7 levels left

rFire    . . .     SeeInvis .     - Unarmed
rCold    + . .     Faith    .   (no shield)
rNeg     + + +     Spirit   .   c - +0 leather armour (curse)
rPois    ∞         Reflect  .   (no helmet)
rElec    .         Harm     .   (no cloak)
rCorr    .         Rampage  .   (no gloves)
MR       .....                  s - +1 pair of boots
Stlth    ++........             (no amulet)
HPRegen  0.00/turn              D - +6 ring of intelligence
MPRegen  0.10/turn              (no ring)

@: no status effects
A: rotting body, claws 1, cold resistance 1, negative energy resistance 3,
inhibited regeneration, torment resistance, unbreathing
a: Minor Destruction, Renounce Religion


You were on level 6 of the Dungeon.
You worshipped Makhleb.
Makhleb was pleased with you.
You visited 1 branch of the dungeon, and saw 6 of its levels.

You collected 204 gold pieces.

Inventory:

Hand Weapons
 r - a +1 dagger of venom
 E - the +3 whip of Mopogg {protect, +Fly}
   (You found it on level 4 of the Dungeon)

   It grants its wielder temporary protection when it strikes (+7 to AC).
   It lets you fly.
Missiles
 i - 32 poisoned darts (quivered)
Armour
 b - a +0 ring mail
 c - a cursed +0 leather armour (worn)
 q - a +0 pair of gloves
 s - a +1 pair of boots (worn)
 C - a +0 chain mail
Jewellery
 D - a +6 ring of intelligence (left claw)
Wands
 a - a wand of iceblast (10)
 w - a wand of paralysis (1)
 x - a wand of digging (8)
Scrolls
 j - a scroll of enchant armour
 n - 2 scrolls of teleportation
 t - a scroll of magic mapping
Potions
 e - a potion of cancellation
 k - a potion of ambrosia
 m - a potion of invisibility {unknown}
 z - a potion of brilliance {unknown}
 A - a potion of curing {unknown}
 B - a potion of mutation {unknown}


   Skills:
 - Level 3.2 Fighting
 + Level 3.7 Armour
 + Level 5.0 Dodging
 - Level 2.1 Stealth
 * Level 8.0 Unarmed Combat


You had 7 spell levels left.
You didn't know any spells.
Your spell library was empty.

Dungeon Overview and Level Annotations

Branches:
Dungeon (6/15)             Temple (0/1) D:6

Altars:
Hepliaklqana
Makhleb


Innate Abilities, Weirdness & Mutations

Your body is rotting away.
You thrive by killing the living.
You are immune to poison.
You have sharp fingernails.
Your flesh is cold resistant. (rC+)
You are immune to negative energy. (rN+++)
You do not regenerate when monsters are visible.
You are immune to unholy pain and torment.
You can survive without breathing.


Message History

* * * LOW HITPOINT WARNING * * *
Your Dodging skill increases to level 5!
Your Unarmed Combat skill increases to level 8!
You closely miss the centaur. The centaur barely misses you.
You scratch the centaur.
The centaur is lightly wounded.
The centaur barely misses you.
The centaur hits you with a cursed -3 shortbow.
* * * LOW HITPOINT WARNING * * *
You claw the centaur!
The centaur is heavily wounded.
The centaur hits you but does no damage.
You completely miss the centaur.
The centaur is heavily wounded.
The centaur closely misses you.
Okay, then.
You scratch the centaur.
The centaur is severely wounded.
The centaur hits you with a cursed -3 shortbow!
You die...

..# ## ..
..###.#
>..###.....#
...#.......#
...........
##........#####
#...).........#
#.....)))..#
......c@#..#
...######..#
..# .#. .#.# .#
# ..


You could see a centaur.

Vanquished Creatures
  An ice beast (D:6)
  A sky beast (D:6)
  An ogre (D:5)
  2 centaurs (D:5)
  A gnoll sergeant (D:6)
  A hound (D:5)
  A gnoll shaman (D:3)
  A jelly (D:4)
  Ijyb (D:4)
  Terence (D:2)
  Natasha (thrice) (D:2)
  An iguana (D:4)
  A worker ant (D:5)
  A hound zombie (D:5)
  7 adders
  6 gnolls
  An ufetubus (D:5)
  An ooze (D:3)
  An adder zombie (D:5)
  An adder skeleton (D:4)
  A worm (D:3)
  A leopard gecko (D:4)
  8 orcs
  3 ball pythons
  5 giant cockroaches
  6 goblins
  7 hobgoblins
  9 jackals
  4 quokkas
  7 bats
  10 frilled lizards
  A jackal skeleton (D:4)
  7 kobolds
  4 rats
107 creatures vanquished.

Notes
Turn   | Place    | Note
-------+----------+-------------------------------------------
     0 | D:1      | PentaManta the Ghoul Monk began the quest for the Orb.
     0 | D:1      | Reached XP level 1. HP: 19/19 MP: 0/0
   402 | D:1      | Reached XP level 2. HP: 25/26 MP: 1/1
   556 | D:1      | Reached skill level 4 in Unarmed Combat
   840 | D:2      | Reached XP level 3. HP: 31/31 MP: 2/2
  1205 | D:2      | Noticed Natasha
  1215 | D:2      | Killed Natasha
  1216 | D:2      | Reached XP level 4. HP: 5/38 MP: 3/3
  1220 | D:2      | Reached skill level 1 in Armour
  1788 | D:2      | Noticed Natasha
  1793 | D:2      | Killed Natasha
  1902 | D:2      | Noticed Terence
  1927 | D:2      | Killed Terence
  1928 | D:2      | Reached skill level 5 in Unarmed Combat
  1928 | D:2      | Reached XP level 5. HP: 20/45 MP: 4/4
  2139 | D:2      | Noticed Natasha
  2148 | D:2      | Killed Natasha
  3004 | D:3      | Reached XP level 6. HP: 51/51 MP: 5/5
  3273 | D:4      | Noticed Ijyb
  3274 | D:4      | Paralysed by Ijyb for 5 turns
  3290 | D:4      | Paralysed by Ijyb for 2 turns
  3295 | D:4      | Killed Ijyb
  3443 | D:3      | Reached skill level 6 in Unarmed Combat
  4514 | D:4      | Got a slimy whip
  4518 | D:4      | Identified the +3 whip of Mopogg {protect, +Fly} (You found
                  | it on level 4 of the Dungeon)
  4561 | D:5      | Entered Level 5 of the Dungeon
  4594 | D:5      | Found a hazy altar of Hepliaklqana.
  4676 | D:5      | Reached XP level 7. HP: 16/57 MP: 6/6
  5213 | D:6      | Reached skill level 7 in Unarmed Combat
  5351 | D:5      | Found a burning altar of Makhleb.
  5359 | D:5      | Became a worshipper of Makhleb the Destroyer
  5359 | D:5      | Reached * piety under Makhleb
  5359 | D:5      | Reached ** piety under Makhleb
  5407 | D:5      | Reached XP level 8. HP: 22/63 MP: 7/7
  5407 | D:5      | HP: 3/63 [gnoll/+0 halberd (11)]
  5426 | D:6      | Found a staircase to the Ecumenical Temple.
  5604 | D:6      | HP: 1/63 [gnoll sergeant/+0 trident (9)]
  5608 | D:6      | Reached skill level 5 in Dodging
  5608 | D:6      | Reached skill level 8 in Unarmed Combat
  5612 | D:6      | Slain by a centaur

Illustrated notes

Levels and vault maps discovered:
D:1:      scummos_arrival_hexagon, layout_basic, minmay_misc_feat_columns
D:2:      kennysheep_big_flooded_room, layout_basic, uniq_terence, uniq_natasha
D:3:      layout_loops_ring
D:4:      layout_gridville, uniq_ijyb
D:5:      layout_loops_ring, kennysheep_mini, lemuel_blue_sif_altar,
          makhleb_heckhound_becter
D:6:      layout_basic, elyvilon_altar_1, vehumet_altar_wand_db,
          gammafunk_temple_overflow_claw, minmay_temple_entry_tees, uniq_maggie,
          uniq_blork_the_orc, uniq_crazy_yiuf_cottage

Skill      XL: |  1  2  3  4  5  6  7  8 |
---------------+-------------------------+-----
Dodging        | 3 4 5 |  5.0
Unarmed Combat | 4 5 6 7 8 |  8.0
Armour         | 1 2 3 |  3.7
Fighting       | |  3.2
Stealth        | |  2.1

Action                   |  1- 3 |  4- 6 |  7- 9 || total
-------------------------+-------+-------+-------++-------
Melee: Unarmed           |   109 |   227 |    98 ||   434
       Punch             |     1 |     3 |     1 ||     5
  Use: Scroll            |       |    14 |     1 ||    15
       Potion            |       |       |     3 ||     3
 Stab: Sleeping          |     2 |     2 |       ||     4
Armor: Ring mail         |    32 |    51 |       ||    83
       Robe              |     2 |       |       ||     2
       Chain mail        |       |     9 |    11 ||    20
       Leather armour    |       |       |    19 ||    19
Dodge: Dodged            |    90 |   113 |    74 ||   277

Table legend: (Time is in decaauts)
 A = Elapsed time spent in this place.
 B = Non-inter-level travel time spent in this place.
 C = Inter-level travel time spent in this place.
 D = Time resting spent in this place.
 E = Time spent auto-exploring this place.
 F = Levels seen in this place.
 G = Mean time per level.
                   A        B        C        D        E       F      G
               +--------+--------+--------+--------+--------+-----+--------+
         Total |   5569 |   5440 |    129 |   1260 |   3231 |   6 |  928.2 |
       Dungeon |   5569 |   5440 |    129 |   1260 |   3231 |   6 |  928.2 |
               +--------+--------+--------+--------+--------+-----+--------+

Top non-repeatable levels by time:
     D:2: 1403 daAuts
     D:4: 1228 daAuts
     D:3: 1068 daAuts
     D:1: 828 daAuts
     D:5: 554 daAuts
     D:6: 485 daAuts
